 Dungeon Crawl Stone Soup version 0.30-a0-390-g80c34de65d (webtiles) character file.

Game seed: 7663730403469852672

713 bande the Chopper (level 7, -7/44 HPs)
             Began as a Gargoyle Fighter on Dec 5, 2022.
             Mangled by an ogre
             ... wielding a +0 giant spiked club
              (21 damage)
             ... on level 5 of the Dungeon.
             The game lasted 00:05:22 (4950 turns).

bande the Chopper (Gargoyle Fighter)                Turns: 4950, Time: 00:05:22

Health: -7/44      AC: 14    Str: 19    XL:     7   Next: 69%
Magic:  7/7        EV:  9    Int:  9    God:
Gold:   273        SH:  4    Dex: 11    Spells: 6/6 levels left

rFire   . . .      SeeInvis .    a - +1 war axe
rCold   + . .      Faith    .    c - +0 buckler
rNeg    + . .      Spirit   .    b - +0 scale mail
rPois   ∞          Reflect  .    m - +1 helmet
rElec   +          Harm     .    (no cloak)
rCorr   .          Rampage  .    (no gloves)
Will    .....                    (no boots)
Stlth   ..........               (no amulet)
HPRegen 0.27/turn                j - ring of protection from cold
MPRegen 0.10/turn                (no ring)

@: no status effects
A: sickness immunity, AC +4, negative energy resistance 1, electricity
resistance, torment resistance 1, petrification resistance
a: no special abilities


You were on level 5 of the Dungeon.
You visited 1 branch of the dungeon, and saw 5 of its levels.

You collected 273 gold pieces.

Inventory:

Hand Weapons
 a - a +1 war axe (weapon)
 l - a +0 flail
Armour
 b - a +0 scale mail (worn)
 c - a +0 buckler (worn)
 m - a +1 helmet (worn)
Jewellery
 j - a ring of protection from cold (left hand)
Scrolls
 h - a scroll of enchant weapon
 i - a scroll of butterflies
 k - 8 scrolls of identify
 n - a scroll of poison
Potions
 d - a potion of might
 e - 2 potions of resistance
 f - a potion of heal wounds
 g - a potion of curing


   Skills:
 + Level 4.8 Fighting
 + Level 5.8 Axes
 + Level 5.0 Armour
 + Level 4.2 Shields


You had 6 spell levels left.
You didn't know any spells.
Your spell library contained the following spells:

 Spells                   Type           Power      Damage    Failure   Level
 Shock                    Conj/Air       0%         1d3       83%         1
 Ignite Poison            Fire/Tmut/Pois 0%         N/A       99%         3
 Kindle Blastsparks       Fire/Tloc/Air  0%         2d10      99%         3
 Swiftness                Air            0%         N/A       99%         3
 Airstrike                Air            0%         2d(0-16)  100%        4
 Freezing Cloud           Conj/Ice/Air   0%         6-21      100%        5
 Simulacrum               Ice/Necr       0%         N/A       100%        6
 Polar Vortex             Ice            0%         N/A       100%        9


Dungeon Overview and Level Annotations

Branches:
Dungeon (5/15)
 Temple: D:4-7

Altars:
Elyvilon
Hepliaklqana
Makhleb
Ru
Zin

Shops:
D:3 (


Innate Abilities, Weirdness & Mutations

You are immune to sickness and miasma.
Your stone body is resilient. (AC +4)
You are immune to poison.
You resist negative energy. (rN+)
You are resistant to electric shocks. (rElec)
You are resistant to unholy torment.
You are immune to petrification.


Message History

The hobgoblin hits you but does no damage.
You slash the hobgoblin!
You kill the hobgoblin!
No target in view!
No target in view!
No target in view!
No target in view!
No target in view!
No target in view!
No target in view!
You see here a hobgoblin corpse.
There is an open door here.
You now have 273 gold pieces (gained 22).
Found 2 stones.
You see here 2 stones.
An ogre comes into view. It is wielding a +0 giant spiked club.
The ogre shouts!
An ogre is nearby!
Found a hand axe.
The ogre barely misses you.
You slash the ogre!
The ogre is heavily wounded.
You block the ogre's attack.
You slash the ogre!
The ogre is almost dead.
You barely miss the ogre.
The ogre is almost dead.
The ogre hits you with a +0 giant spiked club!!
Ouch! That really hurt!
You are too injured to fight recklessly!
You are too injured to fight recklessly!
You are too injured to fight recklessly!
You are too injured to fight recklessly!
You are too injured to fight recklessly!
You are too injured to fight recklessly!
You are too injured to fight recklessly!
You are too injured to fight recklessly!
You barely miss the ogre.
The ogre is almost dead.
The ogre hits you with a +0 giant spiked club!!
You die...

### ##.##
.)#####...##
.....
⌠.....O.⌠..#
# #....#
#@..# #
.....##
##.## #
......# #.#
##......#
#.#
#.......#
#.# ..#....#
##.##
.......#
.#####...##
#....##.
.......⌠..#
#.)..#
.#####...##


You could see an ogre.

Vanquished Creatures
  Eustachio (D:4)
  A black bear (D:5)
  2 ogres
  2 hounds
  An iguana (D:3)
  2 orc wizards (D:5)
  6 gnolls
  4 adders
  2 ufetubi
  2 worms
  2 dart slugs (D:1)
  6 orcs
  5 ball pythons
  7 endoplasms
  5 giant cockroaches
  8 goblins
  9 hobgoblins
  2 jackals (D:2)
  7 kobolds
  2 quokkas
  4 bats
  2 frilled lizards
  3 rats
  A spectral hobgoblin (D:5)
86 creatures vanquished.

Vanquished Creatures (others)
  3 fungi (D:1)
  A plant (D:1)
4 creatures vanquished.

Grand Total: 90 creatures vanquished

Notes
Turn   | Place    | Note
-------+----------+-------------------------------------------
     0 | D:1      | bande the Gargoyle Fighter began the quest for the Orb.
     0 | D:1      | Reached XP level 1. HP: 14/14 MP: 1/1
   211 | D:1      | Reached XP level 2. HP: 15/19 MP: 2/2
   516 | D:1      | Found a faded altar of an unknown god.
   624 | D:1      | Reached XP level 3. HP: 22/24 MP: 3/3
  1555 | D:2      | Reached XP level 4. HP: 29/29 MP: 4/4
  2186 | D:3      | Found Ferek's Antique Weapon Shop.
  2449 | D:3      | Noticed an Executioner
  2450 | D:3      | Found a burning altar of Makhleb.
  2455 | D:3      | Found a glowing silver altar of Zin.
  2455 | D:3      | Noticed an angel
  2685 | D:3      | Reached XP level 5. HP: 33/33 MP: 5/5
  2791 | D:3      | Found a white marble altar of Elyvilon.
  2791 | D:3      | Found a sacrificial altar of Ru.
  2955 | D:4      | Noticed an ogre
  2961 | D:4      | Killed an ogre
  3325 | D:4      | Reached XP level 6. HP: 34/38 MP: 6/6
  3460 | D:4      | Noticed Eustachio
  4030 | D:4      | Killed Eustachio
  4031 | D:4      | Reached skill level 5 in Axes
  4031 | D:4      | Reached XP level 7. HP: 26/44 MP: 7/7
  4490 | D:5      | Entered Level 5 of the Dungeon
  4556 | D:5      | Reached skill level 5 in Armour
  4881 | D:5      | Found a hazy altar of Hepliaklqana.
  4950 | D:5      | Mangled by an ogre

Illustrated notes

Levels and vault maps discovered:
D:1:      evilmike_arrival_plus, layout_loops_ring,
          shapermc_ecumenical_altar_gd, nicolae_eternal_life,
          chequers_serial_rivers_marsh
D:2:      layout_basic
D:3:      layout_loops_ring, grunt_temple_overflow_order_and_chaos_2,
          gammafunk_temple_overflow_elements, serial_shops,
          nicolae_shop_behind_doors
D:4:      layout_loops_cross, uniq_eustachio
D:5:      layout_basic, nicolae_hepliaklqana_monster_ancestors,
          grunt_temple_overflow_cloverleaf, minmay_misc_feat_tower

Skill      XL: |  1  2  3  4  5  6  7 |
---------------+----------------------+-----
Axes           | 2 3 4 5 |  5.8
Armour         | 4 5 |  5.0
Fighting       | 4 |  4.8
Shields        | 4 |  4.2

Action                   |  1- 3 |  4- 6 |  7- 9 || total
-------------------------+-------+-------+-------++-------
Melee: War axe           |   142 |   160 |    39 ||   341
  Use: Scroll            |     5 |     5 |     1 ||    11
Armor: Scale mail        |    80 |    88 |    64 ||   232
Dodge: Dodged            |    64 |    81 |    51 ||   196
Block: Buckler           |    32 |    35 |    13 ||    80

Table legend: (Time is in decaauts)
 A = Elapsed time spent in this place.
 B = Non-inter-level travel time spent in this place.
 C = Inter-level travel time spent in this place.
 D = Time resting spent in this place.
 E = Time spent auto-exploring this place.
 F = Levels seen in this place.
 G = Mean time per level.
                   A        B        C        D        E       F      G
               +--------+--------+--------+--------+--------+-----+--------+
         Total |   5080 |   5035 |     45 |   1652 |   2557 |   5 | 1016.0 |
       Dungeon |   5080 |   5035 |     45 |   1652 |   2557 |   5 | 1016.0 |
               +--------+--------+--------+--------+--------+-----+--------+

Top non-repeatable levels by time:
     D:3: 1541 daAuts
     D:4: 1084 daAuts
     D:1: 1082 daAuts
     D:2: 906 daAuts
     D:5: 466 daAuts
